 Dungeon Crawl Stone Soup version 0.22-a0-3-g4fa69d9a97 (webtiles) character file.

0 Manul the Ducker (level 1, -26/11 HPs)
             Began as a Spriggan Abyssal Knight on Jan 1, 2018.
             Was a Follower of Lugonu.
             Killed from afar by a blizzard demon (37 damage)
             ... with a bolt of cold
             ... on level 1 of the Abyss.
             The game lasted 00:00:50 (345 turns).

Manul the Ducker (Spriggan Abyssal Knight)           Turns: 345, Time: 00:00:51

Health: -26/11     AC:  2    Str:  8    XL:     1   Next: 0%
Magic:  3/3        EV: 18    Int: 13    God:    Lugonu [*.....]
Gold:   32         SH:  0    Dex: 15    Spells: 0/0 levels left

rFire    . . .     SeeInvis +   a - +1 short sword
rCold    . . .     Gourm    .   (shield restricted)
rNeg     . . .     Faith    .   b - +0 robe
rPois    .         Spirit   .   (helmet restricted)
rElec    .         Reflect  .   (no cloak)
rCorr    .         Harm     .   (gloves unavailable)
MR       .....                  (boots unavailable)
Stlth    +.........             (no amulet)
HPRegen  0.03/turn              (no ring)
MPRegen  0.08/turn              (no ring)

@: very quick
A: very small, unfitting armour, see invisible, herbivore, speed 3, slow
metabolism 2
a: Depart the Abyss, Renounce Religion


You were on level 1 of the Abyss.
You worshipped Lugonu.
Lugonu was aware of your devotion.
You were not hungry.

You visited 0 branches of the dungeon, and saw 0 of its levels.
You visited the Abyss 1 time.

You collected 32 gold pieces.

Inventory:

Hand Weapons
 a - a +1 short sword (weapon)
Armour
 b - a +0 robe (worn)
Scrolls
 f - a scroll of remove curse
Potions
 d - a potion of ambrosia {unknown}
Comestibles
 c - a ration


   Skills:
 + Level 2.4 Fighting
 + Level 2.1 Short Blades
 + Level 3.5 Dodging
 + Level 1.7 Invocations


You couldn't memorise any spells.
You didn't know any spells.

Dungeon Overview and Level Annotations

Branches:
Dungeon (0/15)

Altars:


Innate Abilities, Weirdness & Mutations

You are very small and have problems with some larger weapons.
You are too small for most types of armour.
You have supernaturally acute eyesight. (SInv)
You are a herbivore.
You cover ground extremely quickly.
You need consume almost no food.


Message History

You feel strangely unstable.
You feel the power of the Abyss delaying your translocation!
It was a scroll of teleportation.
Found a scroll labeled KANUSTR DUIFI KYAQ.
You see here a scroll labeled KANUSTR DUIFI KYAQ.
e - a scroll labeled KANUSTR DUIFI KYAQ A starcursed mass splits.
You enter the shallow water.
Moving in this stuff is going to be slow.
You are suddenly pulled into a different region of the Abyss!
As you read the scroll labeled KANUSTR DUIFI KYAQ, it crumbles to dust.
It is a scroll of identify.
f - a scroll of remove curse A blizzard demon comes into view.
The blizzard demon shouts!
None of your equipped items are cursed. The blizzard demon gestures at you.
The bolt of cold hits you!
Ouch! That really hurt!
You die...

### #..##### ### ###
.#.##..#..##.###.#
#.##..#.#..#..@..#
###.# #..#..#..#####
.. .##. ... #.#....#
.....###.###2##.....#
..#. ..##.... .##..#
#.... . ..#2#.... ..
..# .#.. .#.# ## . ..
...#. .# ##.##.#.#.##


You could see a blizzard demon.

Vanquished Creatures (others)
  2 starspawn tentacles (Abyss:1)
2 creatures vanquished.

Notes
Turn   | Place    | Note
-------+----------+-------------------------------------------
     0 | Abyss:1  | Manul the Spriggan Abyssal Knight began the quest for the Orb.
     0 | Abyss:1  | Reached XP level 1. HP: 11/11 MP: 3/3
    56 | Abyss:1  | Noticed a tentacled starspawn
    91 | Abyss:1  | Noticed a starcursed mass
   102 | Abyss:1  | Found a corrupted altar of Lugonu.
   112 | Abyss:1  | Noticed a large abomination
   338 | Abyss:1  | Noticed a blizzard demon
   345 | Abyss:1  | Killed from afar by a blizzard demon

Vault maps used:

Action                   || total
-------------------------++-------
  Use: Scroll            ||     2

Table legend:
 A = Spawn XP
 B = Non-spawn XP
 C = Spawn XP percentage of total XP
 D = Spawn monster count
 E = Non-spawn monster count
 F = Spawn count percentage of total count
 G = Total turns spent on level
                    A         B        C        D         E        F      G
               +---------+---------+-------+---------+---------+-------+---------
         Total |       0 |       0 |   N/A |       0 |       0 |   N/A |   345
               +---------+---------+-------+---------+---------+-------+---------
               +---------+---------+-------+---------+---------+-------+---------
